cohdb
Replays
Latest Replays
All Replays
Popular Replays
Top Player Replays
Match Explorer
How It Works
Community
CoH3 Stats
Reddit
Sign in to upload your games and track your stats! →
Sign in with Steam
Match 45629649
Unlisted
Match 45629649
Overview
Messages
Build Orders
End
Construct Barracks
Riflemen Squad
Riflemen Squad
Riflemen Squad
Construct Medical Station
Air Support Center
M1918 Browning Automatic Rifles
Riflemen Squad
Grasshopper Recon Run
P-47 Strafing Run
Construct Weapon Support Center
Selects Heavy Weapons
Selects Assault Carriers
M3 Assault Carrier
M1919 Machine Gun Team
Grasshopper Recon Run
Selects M2HB .50cal Heavy Machine Gun
Grenade Package
M1919 Machine Gun Team
Grasshopper Recon Run
Selects Halftrack Strongpoints
P-47 Strafing Run
Engineer Squad
Selects Towed M5 3-inch Anti-tank Gun
Towed M5 3-inch Anti-tank Gun
Selects Gallant Stand
Gallant Stand
Halftrack Strongpoints
Selects Bolstered Team Weapons
Engineer Squad
Grasshopper Recon Run
P-47 Dive Bomb
Gallant Stand
Sniper
Grasshopper Recon Run
P-47 Dive Bomb
Towed M5 3-inch Anti-tank Gun
Grasshopper Recon Run
P-47 Strafing Run
HulkSMASH
stunta
BAEK
banstyle
ValiantHawk
AIASTIN
0
0
Comments
sign in to comment!
No comments posted yet!